 Dungeon Crawl Stone Soup version 0.28.0-53-g5a82cb258f (console) character file.

Game seed: 7358320737294352714

220174 Banquo the Slayer (level 19, -28/189 HPs)
             Began as a Hill Orc Fighter on May 22, 2022.
             Was a Follower of Uskayaw.
             Killed from afar by a deep elf annihilator (33 damage)
             ... with a crystal spear
             ... on level 3 of the Elven Halls on May 26, 2022.
             The game lasted 03:04:06 (49044 turns).

Banquo the Slayer (Hill Orc Fighter)               Turns: 49044, Time: 03:04:07

Health: -28/189    AC: 40    Str: 33    XL:     19   Next: 16%
Magic:  31/38      EV:  9    Int: 10    God:    Uskayaw [*.....]
Gold:   2687       SH: 29    Dex: 10    Spells: 18/18 levels left

rFire   + . .      SeeInvis +   a - +5 war axe (vamp)
rCold   . . .      Faith    +   i - +10 tower shield of Ignorance {rN+ Int-4}
rNeg    + . .      Spirit   .   d - +10 plate armour of the Unseen Realm {Int+6}
rPois   .          Reflect  .   h - +2 hat
rElec   .          Harm     .   e - +2 cloak {rCorr}
rCorr   +          Rampage  .   g - +2 pair of gloves {Str+3}
Will    +++..                   f - +2 pair of boots
Stlth   ..........              s - amulet of faith
HPRegen 0.41/turn               F - ring "Uhorch" {rF+ Will+ MP+9 Str+3 SInv}
MPRegen 0.26/turn               u - ring of willpower

@: no status effects
A: no striking features
}: 1/15 runes: decaying
a: Renounce Religion, Stomp


You were on level 3 of the Elven Halls.
You worshipped Uskayaw.
Uskayaw was pleased with you.
You visited 6 branches of the dungeon, and saw 31 of its levels.
You also visited: Ossuary and Ice Cave.

You collected 3555 gold pieces.
You spent 868 gold pieces at shops.

Inventory:

Hand Weapons
 a - a +5 vampiric war axe (weapon)
 b - the +4 long sword "Joxov" {vorpal, rElec}
   (You found it in an ice cave)

   It inflicts extra damage upon your enemies.
   rElec:     It insulates you from electricity.
 c - a +2 vorpal war axe
 m - the +6 great mace of Exquisite Torment {protect, rC- Str+8 Stlth+}
   (You found it on level 3 of the Elven Halls)

   It grants its wielder temporary protection when it strikes (+7 to AC).
   Str:       It affects your strength (+8).
   rC:        It makes you vulnerable to cold.
   Stlth:     It makes you more stealthy.
 R - a +2 war axe of flaming
Missiles
 n - 79 poisoned darts (quivered)
 E - 4 boomerangs
 H - a throwing net
Armour
 d - the +10 plate armour of the Unseen Realm (worn) {Int+6}
   (You bought it in a shop on level 1 of the Orcish Mines)

   Int:       It affects your intelligence (+6).
 e - a +2 cloak of preservation (worn)
 f - a +2 pair of boots (worn)
 g - a +2 pair of gloves of strength (worn)
 h - a +2 hat (worn)
 i - the +10 tower shield of Ignorance (worn) {rN+ Int-4}
   (You found it on level 15 of the Dungeon)

   Int:       It affects your intelligence (-4).
   rN:        It protects you from negative energy.
 Q - +0 swamp dragon scales
Magical Staves
 P - a staff of poison
Jewellery
 r - a ring of magical power
 s - an amulet of faith (around neck)
 u - a ring of willpower (right hand)
 w - the necklace of Bloodlust {*Rage Will++ Int-3 Slay+6}
   (You found it on level 10 of the Dungeon)

   [amulet of nothing]

   It extends the wearer's berserk rage when killing foes.
   Int:       It affects your intelligence (-3).
   Slay:      It affects your accuracy & damage with ranged weapons and melee
   (+6).
   *Rage:     It berserks you when you make melee attacks (+50% chance).
   Will:      It greatly increases your willpower.
 B - a ring of protection from fire
 C - a ring of protection from cold
 F - the ring "Uhorch" (left hand) {rF+ Will+ MP+9 Str+3 SInv}
   (You found it on level 14 of the Dungeon)

   [ring of protection from fire]

   Str:       It affects your strength (+3).
   rF:        It protects you from fire.
   MP:        It affects your magic capacity (+9).
   SInv:      It lets you see invisible.
   Will:      It increases your willpower.
 L - a ring of flight
 S - a ring of willpower
Wands
 q - a wand of iceblast (24)
 y - a wand of mindburst (8)
Scrolls
 l - 8 scrolls of fog
 o - 2 scrolls of blinking
 t - 13 scrolls of teleportation
 z - 3 scrolls of holy word
 D - 2 scrolls of fear
 X - a scroll of silence
Potions
 k - a potion of ambrosia
 p - 3 potions of heal wounds
 v - 4 potions of haste
 x - 3 potions of invisibility
 G - 4 potions of flight
 I - a potion of resistance
 K - 3 potions of cancellation
 M - 10 potions of curing
 O - 3 potions of might
Miscellaneous
 j - a phantom mirror
 U - a box of beasts


   Skills:
 * Level 21.3 Fighting
 - Level 20.0 Axes
 - Level 16.0 Armour
 - Level 8.0 Dodging
 * Level 17.2 Shields
 - Level 13.5 Invocations


You had 18 spell levels left.
You didn't know any spells.
Your spell library contained the following spells:

 Spells                   Type           Power      Damage    Failure   Level
 Animate Skeleton         Necr           0%         N/A       99%         1
 Pain                     Necr           0%         1d4       99%         1
 Sting                    Tmut/Pois      0%         1d3       99%         1
 Ensorcelled Hibernation  Hex/Ice        0%         N/A       100%        2
 Poisonous Vapours        Pois/Air       0%         N/A       100%        2
 Static Discharge         Conj/Air       0%         N/A       100%        2
 Sublimation of Blood     Necr           0%         N/A       100%        2
 Wereblood                Tmut           0%         N/A       100%        2
 Conjure Flame            Conj/Fire      0%         6-21      100%        3
 Dazzling Flash           Conj/Hex       0%         N/A       100%        3
 Ignite Poison            Fire/Tmut/Pois 0%         N/A       100%        3
 Inner Flame              Hex/Fire       0%         N/A       100%        3
 Mephitic Cloud           Conj/Pois/Air  0%         N/A       100%        3
 Spider Form              Tmut/Pois      0%         N/A       100%        3
 Summon Guardian Golem    Hex/Summ       0%         N/A       100%        3
 Tukima's Dance           Hex            0%         N/A       100%        3
 Vampiric Draining        Necr           0%         2d6       100%        3
 Anguish                  Hex/Necr       0%         N/A       100%        4
 Cause Fear               Hex            0%         N/A       100%        4
 Hailstorm                Conj/Ice       0%         3d3       100%        4
 Ice Form                 Ice/Tmut       0%         N/A       100%        4
 Olgreb's Toxic Radiance  Pois           0%         N/A       100%        4
 Petrify                  Tmut/Erth      0%         N/A       100%        4
 Sticky Flame             Conj/Fire      0%         2d3       100%        4
 Summon Ice Beast         Ice/Summ       0%         N/A       100%        4
 Summon Lightning Spire   Summ/Air       0%         N/A       100%        4
 Agony                    Necr           0%         N/A       100%        5
 Excruciating Wounds      Necr           0%         N/A       100%        5
 Fireball                 Conj/Fire      0%         3d3       100%        5
 Freezing Cloud           Conj/Ice/Air   0%         6-21      100%        5
 Iskenderun's Battlesphe  Conj           0%         2d6       100%        5
 Lightning Bolt           Conj/Air       0%         1d11      100%        5
 Metabolic Englaciation   Hex/Ice        0%         N/A       100%        5
 Silence                  Hex/Air        0%         N/A       100%        5
 Summon Forest            Summ/Tloc      0%         N/A       100%        5
 Summon Mana Viper        Hex/Summ       0%         N/A       100%        5
 Eringya's Noxious Bog    Tmut/Pois      0%         N/A       100%        6
 Iron Shot                Conj/Erth      0%         9d1       100%        6
 Simulacrum               Ice/Necr       0%         N/A       100%        6
 Statue Form              Tmut/Erth      0%         N/A       100%        6
 Enfeeble                 Hex            0%         N/A       100%        7
 Malign Gateway           Summ/Tloc      0%         N/A       100%        7
 Monstrous Menagerie      Summ           0%         N/A       100%        7
 Orb of Destruction       Conj           0%         9d5       100%        7
 Spellforged Servitor     Conj/Summ      0%         N/A       100%        7
 Storm Form               Tmut/Air       0%         N/A       100%        7
 Summon Hydra             Summ           0%         N/A       100%        7
 Borgnjor's Revivificati  Necr           0%         N/A       100%        8
 Discord                  Hex            0%         N/A       100%        8
 Maxwell's Capacitive Co  Air            0%         ∞         100%        8
 Necromutation            Tmut/Necr      0%         N/A       100%        8
 Death's Door             Necr           0%         N/A       100%        9
 Polar Vortex             Ice            0%         N/A       100%        9


Dungeon Overview and Level Annotations

Branches:
Dungeon (15/15)            Temple (1/1) D:7            Lair (6/6) D:10
  Swamp (4/4) Lair:4       Spider (0/4) Lair:2        Slime (0/5) Lair:5
    Orc (2/2) D:12            Elf (3/3) Orc:2        Vaults (0/5) D:14
 Depths (0/4) D:15        Ossuary (visited)           IceCv (visited)

Altars:
Ashenzari
Cheibriados
Dithmenos
Elyvilon
Fedhas
Gozag
Hepliaklqana
Kikubaaqudgha
Makhleb
Nemelex Xobeh
Okawaru
Qazlal
Ru
Sif Muna
Trog
Uskayaw
Vehumet
Wu Jian
Xom
Yredelemnul
Zin
The Shining One
Jiyva

Shops:
Orc:1 ([   Orc:2 ((((

Annotations:
Elf:2 3 runed translucent doors


Message History

The crystal spear hits you!!!
* * * LOW HITPOINT WARNING * * *
The Ice Fiend calls on the powers of darkness!
The deep elf annihilator convulses!
The deep elf demonologist convulses!
Your body is wracked with pain!
* * * LOW HITPOINT WARNING * * *
The hell beast barely misses you. You block the hell beast's attack.
Unknown command.
Aiming: Grand Finale
Press: ? - help, Shift-Dir - straight line, f - deep elf demonologist
Aim: a deep elf demonologist, wielding a +0 dagger (severely wounded, spells empowered, sharing its pain)
The deep elf demonologist explodes violently!
You blow up the deep elf demonologist!
The hell beast disappears in a puff of smoke!
The tormentor disappears in a puff of smoke!
The Ice Fiend disappears in a puff of smoke!
You can no longer merge with and destroy a victim.
The deep elf annihilator points at you and mumbles some strange words.
The crystal spear misses you.
Unknown command.
The deep elf annihilator gestures at you while chanting.
You block the crystal spear.
You miss the deep elf annihilator.
The deep elf annihilator is severely wounded.
The deep elf annihilator seems less brilliant.
You block the deep elf annihilator's attack.
You hit the deep elf annihilator.
The deep elf annihilator is severely wounded.
You block the deep elf annihilator's attack.
You slash the deep elf annihilator!
The deep elf annihilator is almost dead.
The deep elf annihilator points at you and mumbles some strange words.
The crystal spear hits you!!
* * * LOW HITPOINT WARNING * * *
You barely miss the deep elf annihilator.
The deep elf annihilator is almost dead.
The deep elf annihilator is no longer sharing its pain.
The deep elf annihilator points at you and mumbles some strange words.
The crystal spear hits you!!
You die...

,,,,** #.# ,,,,,* ####
##.## ,,,,,** #..#####.).#
,,,,,,* #).......#.#
,,,,,,** #)########.#
,,,,,,,* #.# #.#
,,,,.,,########)###### #.#
⌠,,,..,#..#.....)....# #.#
,,,,,).##.....))@e...# #.#
,,*,,................# #.#
'**,,,,##..).........# #.#
,**,,,,#...(.........###.#
**,,,,,#.....).......##..##
*,,,,,##.....[=[#.##.#.##.#
,,,,,,#.....[.).#.........#
,,,,,*#.........#...e.....#
,,,,,*#..e..)...#.........#


You could see a deep elf annihilator.

Vanquished Creatures
  the Lernaean hydra (Swamp:4)
  Jorgrun (Orc:1)
  A deep elf blademaster (Elf:3)
  Asterion (Elf:1)
  Agnes (D:14)
  Kirke (Elf:1)
  2 thorn hunters
  A fenstrider witch (Swamp:4)
  Aizul (Elf:1)
  3 deep elf sorcerers
  An orc warlord (Orc:2)
  4 eleionomae
  6 bunyips
  A deep elf demonologist (Elf:3)
  5 deep elf annihilators
  Snorg (Lair:5)
  The ghost of Tali the Spear-Bearer, a journeyman DsBe of Trog (D:14)
  A deep elf death mage (Elf:3)
  The ghost of Wiuvimyha the Spry, a journeyman FeCj of Vehumet (D:13)
  A fire dragon (D:14)
  Josephine (D:10)
  4 shambling mangroves
  The ghost of snonkus the Cleaver, a journeyman GrFi of Gozag (D:12)
  2 deep elf high priests (Elf:3)
  8 boulder beetles
  An ice dragon (D:12)
  Erolcha (D:11)
  A vault guard (D:14)
  A spriggan air mage (Swamp:3)
  24 hydras
  6 centaur warriors
  9 ghost crabs
  5 death yaks (Lair:3)
  2 two-headed ogres
  A tengu warrior (D:15)
  4 alligators
  5 orc high priests (Orc:2)
  18 dancing weapons
  Urug (Lair:3)
  Sonja (Lair:3)
  An iron troll (D:14)
  20 deep elf knights
  7 spriggan druids
  6 goliath frogs
  A deep troll (D:10)
  12 swamp dragons
  4 orange crystal statues (D:15)
  2 sea snakes (shapeshifter)
  A lindwurm (shapeshifter) (D:13)
  8 bog bodies
  A wizard (D:15)
  9 orc knights
  A necromancer (D:15)
  30 deep elf zephyrmancers
  18 deep elf archers
  35 deep elf pyromancers
  2 wolf spider zombies (D:15)
  5 cyclopes
  3 will-o-the-wisps
  An orc sorcerer (D:15)
  3 ugly things
  2 manticores
  5 elephants (Lair:6)
  A naga mage (D:15)
  4 centaur zombies
  A black mamba (Lair:5)
  2 ice statues (IceCv)
  5 apocalypse crabs (Swamp:1)
  11 cane toads
  The ghost of Cab the Chopper, a novice DsFi (D:5)
  A centaur skeleton (D:15)
  A gargoyle (D:13)
  5 rime drakes
  9 kobold demonologists
  Psyche (D:11)
  5 komodo dragons
  A freezing wraith (IceCv)
  A polar bear (shapeshifter) (D:14)
  11 polar bears
  6 trolls
  6 tyrant leeches
  21 hornets
  34 blink frogs
  7 slime creatures
  3 dream sheep (Lair:6)
  A vampire (D:9)
  4 air elementals
  4 wyverns
  25 spriggans
  4 water elementals
  5 wraiths
  A culicivora (shapeshifter) (Elf:1)
  A shadow (D:13)
  A yak (shapeshifter) (D:13)
  42 yaks
  A basilisk (Lair:4)
  A fire elemental (Elf:1)
  Eustachio (D:4)
  A redback (Lair:2)
  7 steam dragons
  3 vampire mosquitoes (D:14)
  An acid dragon (D:11)
  14 swamp worms
  6 wargs
  Duvessa (D:5)
  9 swamp drakes
  11 water moccasins
  4 sky beasts
  38 orc warriors
  An ice beast (D:7)
  11 black bears
  5 necrophages
  6 ogres
  5 boggarts (Lair:6)
  31 wolves
  9 centaurs
  2 phantoms
  15 kobold brigands
  2 earth elementals (Elf:1)
  15 bullfrogs
  2 gnoll sergeants
  A wyvern zombie (D:8)
  2 scorpions
  Dowan (D:5)
  3 killer bees (D:9)
  8 wights (D:8)
  5 electric eels
  5 howler monkeys
  38 orc priests
  3 hounds
  9 jellies
  Crazy Yiuf (D:7)
  A gnoll shaman (D:7)
  Jessica (D:2)
  Terence (D:2)
  3 iguanas
  17 orc wizards
  A polar bear simulacrum (IceCv)
  A wolf simulacrum (IceCv)
  A killer bee zombie (D:5)
  A hound skeleton (D:5)
  8 mummies (Ossuary)
  17 gnolls
  5 adders
  A shadow imp (D:7)
  A white imp (D:6)
  An ufetubus (D:5)
  An adder skeleton (D:4)
  A worm (D:3)
  2 dart slugs
  91 orcs
  15 endoplasms
  A giant cockroach (D:1)
  A gnoll zombie (Ossuary)
  6 goblins
  11 hobgoblins
  2 jackals (D:1)
  28 kobolds
  4 quokkas
  9 ball pythons
  7 bats
  2 frilled lizards (D:3)
  2 hobgoblin zombies (Ossuary)
  A kobold zombie (Ossuary)
  4 orc zombies (Ossuary)
  7 rats (D:1)
  8 briar patches (Swamp:4)
1074 creatures vanquished.

Vanquished Creatures (others)
  A thorn hunter (Swamp:4)
  A hydra (Swamp:4)
  2 deep elf knights
  A deep elf pyromancer (Elf:1)
  3 bloated husks
  2 blink frogs (Lair:3)
  A swamp drake (D:12)
  A hound (D:7)
  9 briar patches (Swamp:4)
  18 foxfires
  49 fungi
  49 plants
  26 withered plants (Swamp:1)
163 creatures vanquished.

Grand Total: 1237 creatures vanquished

Notes
Turn   | Place    | Note
-------+----------+-------------------------------------------
     0 | D:1      | Banquo the Hill Orc Fighter began the quest for the Orb.
     0 | D:1      | Reached XP level 1. HP: 19/19 MP: 1/1
   137 | D:1      | Reached XP level 2. HP: 18/26 MP: 2/2
   401 | D:1      | Reached XP level 3. HP: 24/31 MP: 3/3
   529 | D:1      | Found a faded altar of an unknown god.
   659 | D:1      | Reached skill level 5 in Axes
  1399 | D:2      | Noticed Terence
  1761 | D:1      | Reached XP level 4. HP: 39/39 MP: 4/4
  1804 | D:2      | Noticed Jessica
  1808 | D:2      | Killed Jessica
  2053 | D:2      | Killed Terence
  2054 | D:2      | Reached XP level 5. HP: 45/45 MP: 5/5
  2626 | D:3      | Found a sparkling altar of Nemelex Xobeh.
  2992 | D:3      | Found an ancient bone altar of Kikubaaqudgha.
  3489 | D:4      | Found a broken altar of Ashenzari.
  3980 | D:4      | Noticed a phantom
  3998 | D:4      | Killed a phantom
  3999 | D:4      | Reached XP level 6. HP: 46/52 MP: 6/6
  4146 | D:5      | Entered Level 5 of the Dungeon
  4171 | D:5      | Found a sand-covered staircase.
  4176 | Ossuary  | Entered an ossuary
  4928 | D:5      | Reached XP level 7. HP: 58/58 MP: 7/7
  4941 | D:5      | Noticed Eustachio
  5015 | D:4      | Killed Eustachio
  5016 | D:4      | Reached skill level 4 in Fighting
  6039 | D:5      | Found a transporter.
  6039 | D:5      | Noticed Cab's ghost (novice DsFi)
  6041 | D:5      | Found a transporter.
  6087 | D:5      | Reached skill level 5 in Armour
  6146 | D:5      | Found a shadowy altar of Dithmenos.
  6158 | D:5      | Reached skill level 10 in Axes
  6158 | D:5      | Reached XP level 8. HP: 63/67 MP: 8/8
  6218 | D:5      | Identified the +8 chain mail "Quoh Eco" {rN+ Will+}
  6447 | D:5      | Noticed Dowan
  6704 | D:5      | Noticed Duvessa
  6719 | D:5      | Killed Duvessa
  6721 | D:5      | Killed Dowan
  7336 | D:6      | Reached skill level 5 in Fighting
  7702 | D:6      | Reached XP level 9. HP: 46/74 MP: 9/9
  8481 | D:7      | Found a staircase to the Ecumenical Temple.
  8489 | Temple   | Entered the Ecumenical Temple
  8603 | D:7      | Reached skill level 5 in Shields
  8643 | D:7      | Found a white marble altar of Elyvilon.
  8861 | D:7      | Reached skill level 6 in Fighting
  9149 | D:7      | Found a runed translucent door.
  9150 | D:7      | Noticed Crazy Yiuf
  9158 | D:7      | Killed Crazy Yiuf
  9518 | D:8      | Identified the +3 dagger of Fimoy {vorpal, Fly rF+ rCorr
                  | Int+3}
  9759 | D:8      | Reached XP level 10. HP: 84/84 MP: 10/10
 10243 | D:8      | Found a stormy altar of Qazlal.
 10468 | D:9      | Found a glowing golden altar of the Shining One.
 10516 | D:9      | Reached skill level 7 in Fighting
 10736 | D:9      | Found a hide-covered altar of Uskayaw.
 10742 | D:9      | Became a worshipper of Uskayaw the Reveller
 10773 | D:9      | Reached * piety under Uskayaw
 10776 | D:9      | Reached ** piety under Uskayaw
 10784 | D:9      | Reached *** piety under Uskayaw
 10827 | D:9      | Reached skill level 1 in Invocations
 11098 | D:9      | Found a bloodstained altar of Trog.
 11098 | D:9      | Found a basalt altar of Yredelemnul.
 11151 | D:9      | Noticed a kobold demonologist
 11164 | D:9      | Killed a kobold demonologist
 11165 | D:9      | Reached skill level 15 in Axes
 11166 | D:9      | Reached **** piety under Uskayaw
 11169 | D:9      | Reached ***** piety under Uskayaw
 11302 | D:10     | Entered Level 10 of the Dungeon
 11318 | D:10     | Noticed a kobold demonologist
 11318 | D:10     | Noticed a kobold demonologist
 11322 | D:10     | Killed a kobold demonologist
 11330 | D:10     | Killed a kobold demonologist
 11414 | D:10     | Reached XP level 11. HP: 63/94 MP: 13/13
 11415 | D:10     | Reached ****** piety under Uskayaw
 11424 | D:10     | Reached skill level 8 in Fighting
 11651 | D:10     | Found a shimmering altar of Xom.
 11653 | D:10     | Found a shimmering altar of Xom.
 11653 | D:10     | Found a shimmering altar of Xom.
 11654 | D:10     | Found a shimmering altar of Xom.
 11740 | D:10     | Noticed a two-headed ogre
 11751 | D:10     | Killed a two-headed ogre
 12126 | D:10     | Found a staircase to the Lair.
 12276 | D:10     | Noticed an eight-headed hydra
 12290 | D:10     | Killed an eight-headed hydra
 12507 | D:10     | Found a shimmering blue altar of Sif Muna.
 12906 | D:10     | Noticed a deep troll
 12927 | D:10     | Killed a deep troll
 12928 | D:10     | Reached skill level 9 in Fighting
 13071 | D:10     | Found the necklace of Bloodlust {*Rage Will++ Int-3 Slay+6}
 13171 | Lair:1   | Entered Level 1 of the Lair of Beasts
 13197 | Lair:1   | Reached skill level 1 in Dodging
 13437 | Lair:1   | Reached skill level 10 in Armour
 14090 | Lair:1   | Reached skill level 5 in Invocations
 14216 | Lair:1   | Reached skill level 10 in Fighting
 14221 | Lair:1   | Reached XP level 12. HP: 96/106 MP: 14/16
 14961 | Lair:1   | Identified the +3 leather armour "Savy" {Contam rPois rF++
                  | Will+}
 15261 | Lair:2   | Found a hole to the Spider Nest.
 15647 | Lair:2   | Noticed a four-headed hydra
 15662 | Lair:2   | Killed a four-headed hydra
 15818 | Lair:2   | Noticed a four-headed hydra
 15831 | Lair:2   | Killed a four-headed hydra
 16202 | Lair:3   | Noticed a death yak
 16368 | Lair:3   | Noticed Urug
 16398 | Lair:3   | Killed Urug
 16398 | Lair:3   | Noticed a five-headed hydra
 16399 | Lair:3   | Reached skill level 11 in Fighting
 16553 | Lair:3   | Noticed a death yak
 16553 | Lair:3   | Noticed a death yak
 16561 | Lair:3   | Noticed a death yak
 16563 | Lair:3   | Noticed a death yak
 16569 | Lair:3   | Killed a death yak
 16570 | Lair:3   | Killed a death yak
 16572 | Lair:3   | Killed a death yak
 16573 | Lair:3   | Killed a death yak
 16574 | Lair:3   | Killed a death yak
 17011 | Lair:3   | Killed a five-headed hydra
 17012 | Lair:3   | Reached XP level 13. HP: 41/117 MP: 18/18
 17155 | Lair:3   | Reached skill level 12 in Fighting
 17746 | Lair:3   | Noticed Sonja
 17748 | Lair:3   | Killed Sonja
 18838 | Lair:4   | Found a staircase to the Swamp.
 18891 | Lair:3   | Paralysed by a hornet for 2 turns
 19452 | Lair:4   | Reached skill level 13 in Fighting
 20191 | Lair:5   | Noticed Snorg
 20272 | Lair:5   | Killed Snorg
 20404 | Lair:5   | Found a staircase to the Slime Pits.
 20408 | Lair:5   | Found a viscous altar of Jiyva.
 21577 | Lair:6   | Entered Level 6 of the Lair of Beasts
 22117 | Lair:6   | Reached XP level 14. HP: 127/130 MP: 20/20
 22697 | Lair:6   | Reached skill level 14 in Fighting
 23004 | Lair:6   | Got Xodaif's Volume of Congealing Lightness
 23514 | D:11     | Noticed Psyche
 23707 | D:11     | Noticed Josephine
 23717 | D:10     | Killed Josephine
 24235 | D:11     | Noticed Erolcha
 24242 | D:11     | Killed Erolcha
 24245 | D:11     | Killed Psyche
 24803 | D:12     | Found a runed translucent door.
 24803 | D:12     | Found a shimmering altar of Xom.
 24803 | D:12     | Noticed snonkus's ghost (journeyman GrFi)
 24973 | D:12     | Found a frozen archway.
 24998 | D:12     | Reached skill level 15 in Fighting
 25223 | IceCv    | Entered an ice cave
 25301 | IceCv    | Found a transporter.
 25305 | IceCv    | Identified the +4 long sword "Joxov" {vorpal, rElec}
 25330 | IceCv    | Found a transporter.
 25882 | D:12     | Reached skill level 10 in Invocations
 25979 | D:12     | Found a staircase to the Orcish Mines.
 26430 | Orc:1    | Entered Level 1 of the Orcish Mines
 26537 | Orc:1    | Found Nypp's Weapon Emporium.
 26813 | Orc:2    | Entered Level 2 of the Orcish Mines
 26843 | Orc:2    | Reached XP level 15. HP: 99/141 MP: 22/22
 27010 | Orc:2    | Noticed an orc warlord
 27032 | Orc:2    | Killed an orc warlord
 27305 | Orc:1    | Found Hiogykil's Antique Armour Boutique.
 27542 | Orc:1    | Noticed Jorgrun
 27566 | Orc:1    | Killed Jorgrun
 28223 | Orc:2    | Found a staircase to the Elven Halls.
 28236 | Orc:2    | Found Qarymmow's Weapon Shoppe.
 29546 | Orc:2    | Reached skill level 16 in Fighting
 29783 | Orc:2    | Found Ughel's Weapon Shop.
 29786 | Orc:2    | Found Igis's Weapon Boutique.
 29787 | Orc:2    | Found Paofowke's Weapon Shop.
 29788 | Orc:2    | Found Vummeix's Antique Weapon Shop.
 29874 | Orc:1    | Bought a steaming plate armour for 868 gold pieces
 29874 | Orc:1    | Identified the +10 plate armour of the Unseen Realm {Int+6}
                  | (You bought it in a shop on level 1 of the Orcish Mines)
 30247 | D:13     | Reached skill level 5 in Dodging
 30339 | D:13     | Identified the +8 rapier "Killer Bee's Doom" {antimagic,
                  | *Rage Str+6 Dex+2}
 31073 | D:13     | Found a runed translucent gate.
 31074 | D:13     | Found a runed translucent gate.
 31075 | D:13     | Found a runed translucent gate.
 31077 | D:13     | Noticed Wiuvimyha's ghost (journeyman FeCj)
 31259 | D:13     | Killed Wiuvimyha's ghost
 31474 | D:14     | Noticed Agnes
 31482 | D:14     | Killed Agnes
 31506 | D:14     | Found a runed translucent gate.
 31507 | D:14     | Found a runed translucent gate.
 31507 | D:14     | Noticed Tali's ghost (journeyman DsBe)
 31508 | D:14     | Found a runed translucent gate.
 31840 | D:14     | Reached skill level 15 in Armour
 31941 | D:14     | Found a gate to the Vaults.
 32402 | D:14     | Reached skill level 17 in Fighting
 32402 | D:14     | Reached XP level 16. HP: 141/155 MP: 24/24
 32415 | D:14     | Killed Tali's ghost
 32424 | D:14     | Identified the ring "Uhorch" {rF+ Will+ MP+9 Str+3 SInv}
 32827 | D:15     | Entered Level 15 of the Dungeon
 32936 | D:15     | Got the Incunabulum of Mutagenic Arcane Weapons
 32957 | D:15     | Found a runed translucent door.
 32964 | D:15     | Found the +10 tower shield of Ignorance {rN+ Int-4}
 32979 | D:15     | Found a runed translucent door.
 33667 | D:15     | Found a staircase to the Depths.
 33689 | D:15     | Reached skill level 10 in Shields
 34122 | D:5      | Killed Cab's ghost
 34364 | D:12     | Killed snonkus's ghost
 34676 | Swamp:1  | Entered Level 1 of the Swamp
 34676 | Swamp:1  | Found a runed translucent door.
 36862 | Swamp:1  | Reached skill level 18 in Fighting
 36898 | Swamp:1  | Identified the +1 scale mail "Xethay" {rPois Str+2 Stlth+}
 37606 | Swamp:2  | Reached XP level 17. HP: 128/165 MP: 26/26
 38307 | Swamp:2  | Identified the +3 flail "Udis" {freeze, *Rage Will- Int+4
                  | Dex+8}
 40039 | Swamp:3  | Identified a scroll of acquirement
 41851 | Swamp:4  | Entered Level 4 of the Swamp
 41867 | Swamp:4  | Reached skill level 19 in Fighting
 42260 | Swamp:4  | Paralysed by a fenstrider witch for 5 turns
 42570 | Swamp:4  | Noticed the 27-headed Lernaean hydra
 43439 | Swamp:4  | Killed the 21-headed Lernaean hydra
 43834 | Swamp:4  | Got a decaying rune of Zot
 44628 | Elf:1    | Entered Level 1 of the Elven Halls
 45251 | Elf:1    | Reached XP level 18. HP: 167/176 MP: 28/28
 45424 | Elf:1    | Noticed Asterion
 45429 | Elf:1    | Killed Asterion
 45472 | Elf:1    | Identified the +3 hand crossbow of Victory {penet, rC+
                  | Dex+3}
 45875 | Elf:1    | Noticed Aizul
 45876 | Elf:1    | Paralysed by an air elemental for 1 turns
 45883 | Elf:1    | Paralysed by an air elemental for 1 turns
 45888 | Elf:1    | Paralysed by an air elemental for 1 turns
 45890 | Elf:1    | Killed Aizul
 45891 | Elf:1    | Reached skill level 20 in Fighting
 45891 | Elf:1    | Paralysed by an air elemental for 1 turns
 46587 | Elf:1    | Reached skill level 15 in Shields
 46607 | Elf:1    | Got the Disquisition on Creative Battle Magic
 46976 | Elf:1    | Noticed Kirke
 46990 | Elf:1    | Killed Kirke
 47672 | Elf:2    | Paralysed by an air elemental for 1 turns
 47752 | Elf:2    | Found a runed translucent gate.
 47753 | Elf:2    | Found a runed translucent gate.
 47753 | Elf:2    | Found a runed translucent gate.
 48478 | Elf:3    | Entered Level 3 of the Elven Halls
 48504 | Elf:3    | Reached skill level 21 in Fighting
 48537 | Elf:3    | Reached XP level 19. HP: 185/189 MP: 29/29
 48868 | Elf:3    | Identified the +6 great mace of Exquisite Torment {protect,
                  | rC- Str+8 Stlth+}
 48958 | Elf:3    | Found a radiant altar of Vehumet.
 48958 | Elf:3    | Found an ancient bone altar of Kikubaaqudgha.
 49026 | Elf:3    | Identified the +8 falchion of Spite {holy, Fly rF+}
 49026 | Elf:3    | Identified the ring "Teizibb" {rPois rCorr Str-3 Dex+3}
 49036 | Elf:3    | Noticed an Ice Fiend
 49043 | Elf:3    | HP: 4/189 [deep elf annihilator/crystal spear (25)]
 49044 | Elf:3    | Killed from afar by a deep elf annihilator

Illustrated notes

Levels and vault maps discovered:
D:1:      elethiomel_arrival_diamonds, layout_basic,
          hellmonk_ecumenical_altar_dog_temple
D:2:      layout_basic, hangedman_glass_garden, mrwooster_statue_mirror,
          grunt_decor_clamped, uniq_terence, uniq_jessica
D:3:      layout_loops_cross, nemelex_diamond_rough_becter,
          mainiacjoe_overflow_alcove_4
D:4:      layout_loops_corners, mainiacjoe_overflow_cross_hatched
D:5:      layout_gridville, grunt_dithmenos_shadows, gammafunk_ghost_arena,
          nicolae_ossuary_entry_false_entrances, uniq_eustachio, uniq_duvessa
D:6:      layout_basic, hangedman_decor_riveting, hangedman_decor_opposing,
          chequers_big_river, minmay_misc_feat_tower
D:7:      layout_rooms, nicolae_elyvilon_peaceful_grove,
          minmay_temple_entry_statues_fountains, st_stairs_10,
          chequers_serial_rivers_large_a, lightli_orcish_oven,
          uniq_crazy_yiuf_cottage
D:8:      lemuel_slime, layout_rooms, kennysheep_mini, kennysheep_diamond
D:9:      layout_roguey, mainiacjoe_overflow_six_doors_small,
          lemuel_crystal_altar, gammafunk_temple_overflow_statue
D:10:     layout_irregular_city, xom_shifter_show, tgw_sif,
          grunt_lair_entry_orc_guard_hut,
          hellmonk_guarded_unrand_vitality_bloodlust
D:11:     layout_basic, uniq_psyche, uniq_josephine, uniq_erolcha
D:12:     layout_irregular_city, erik_orc_1, ebering_ghost_xom,
          portal_ice_cave_entry_animals_and_master, minmay_between
D:13:     kennysheep_six_static_rooms, layout_irregular_city,
          gammafunk_ghost_nasty_kobolds
D:14:     layout_irregular_city, david_vaults_4, gammafunk_ghost_hydra_chop,
          uniq_agnes
D:15:     grunt_enter_depths_magical_seal, layout_cave_pods,
          chequers_guarded_unrand_ignorance
Temple:   zaba_magenta_temple
Lair:1:   layout_small_grid, grunt_megastairs_1
Lair:2:   layout_misc_corridors, spider_nest_entry_webs
Lair:3:   beast_lair_carwin_large_3, layout_loops_ring, uniq_urug, uniq_sonja
Lair:4:   layout_cave_pods, swamp_mist
Lair:5:   layout_cave_pods, slime_altar_1, grunt_megastairs_4, uniq_snorg
Lair:6:   minmay_lair_end_enchanted_forest, layout_cave_pods
Swamp:1:  gammafunk_mikee_crab_dinner, layout_basic_swamp,
          nicolae_swamp_small_spring, st_shrine_of_shade
Swamp:2:  layout_basic_swamp, evilmike_swamp_ruin_house_3
Swamp:3:  layout_basic_swamp, nicolae_swamp_well_well_well
Swamp:4:  swamp, layout_basic_swamp, swamp_pool4
Orc:1:    layout_caves, serial_shops, nicolae_shop_waterfront,
          nicolae_shop_bloodbath_and_beyond, nicolae_orc_bridge_out,
          minmay_orc_barracks, uniq_jorgrun
Orc:2:    st_orc_pillars, layout_diamond_mine, serial_shops, shop
Elf:1:    eino_elf_arrival_the_gate, layout_geoelf_diagonals,
          minmay_elf_sorcery, minmay_the_grid_square_5x5_3x3_mashed
          [minmay_the_grid_square_5x5_three, minmay_the_grid_square_5x5_empty,
          minmay_the_grid_square_5x5_fat_x, minmay_the_grid_square_5x5_corner,
          minmay_the_grid_square_5x5_megaprize_crossed,
          minmay_the_grid_square_5x5_meh, minmay_the_grid_square_5x5_longway,
          minmay_the_grid_square_5x5_slash,
          minmay_the_grid_square_5x5_hourglass], uniq_kirke, uniq_asterion,
          uniq_aizul
Elf:2:    elven_hall_of_blades_hangedman_original
          [nicolae_blade_entry_hurt_lockers], layout_onion_city
Elf:3:    grunt_elf_hall_spiral, layout_gridlike, gammafunk_ghost_ooze,
          hangedman_elf_simple_split, st_stairs_7

Skill      XL: |  1  2  3  4  5  6  7  8  9 10 11 12 13 14 15 16 17 18 19 |
---------------+----------------------------------------------------------+-----
Axes           | 3 4 5 6 8 9 10 11 13 16 17 18 19 20 | 20.0
Fighting       | 4 5 6 7 10 11 13 15 17 18 19 21 | 21.3
Armour         | 5 6 7 8 10 12 13 14 15 16 | 16.0
Shields        | 4 5 6 7 8 9 11 13 16 17 | 17.2
Invocations    | 2 5 7 8 10 11 12 13 | 13.5
Dodging        | 1 3 4 5 6 7 8 |  8.0

Action                   |  1- 3 |  4- 6 |  7- 9 | 10-12 | 13-15 | 16-18 | 19-21 || total
-------------------------+-------+-------+-------+-------+-------+-------+-------++-------
Melee: War axe           |    90 |   160 |   345 |   510 |  1352 |  1244 |    74 ||  3775
       Spear             |       |       |       |    61 |       |       |       ||    61
       Long sword        |       |       |       |       |       |     5 |       ||     5
Throw: Dart              |       |       |       |       |       |     1 |       ||     1
Invok: Grand Finale      |       |       |       |       |     2 |     3 |     1 ||     6
       Stomp             |       |       |       |       |     4 |     5 |       ||     9
       Line Pass         |       |       |       |       |     2 |       |       ||     2
Evoke: Wand              |       |       |       |       |     2 |       |       ||     2
  Use: Scroll            |       |     1 |    10 |     3 |     7 |     8 |     1 ||    30
       Potion            |       |       |       |     7 |     1 |     4 |       ||    12
 Stab: Paralysed         |       |       |       |    50 |   167 |   164 |     7 ||   388
       Confused          |       |       |       |       |     2 |       |       ||     2
       Invisible         |       |       |       |       |       |     1 |       ||     1
Armor: Scale mail        |    39 |    27 |       |       |       |       |       ||    66
       Plate armour      |       |    25 |    36 |       |   169 |   438 |    14 ||   682
       Chain mail        |       |       |   159 |   255 |   541 |       |       ||   955
       Leather armour    |       |       |       |       |     2 |       |       ||     2
       Swamp dragon scal |       |       |       |       |       |   183 |       ||   183
Dodge: Dodged            |    56 |    42 |   101 |   131 |   415 |   275 |     9 ||  1029
Block: Buckler           |    28 |    27 |    85 |   103 |   291 |       |       ||   534
       Kite shield       |       |       |       |       |    11 |   248 |       ||   259
       Tower shield      |       |       |       |       |       |   583 |    64 ||   647
